 Dungeon Crawl Stone Soup version 0.26.0-3-g156281e41b (webtiles) character file.

Game seed: 5975256366756188075

299 ythm the Chiller (level 6, -2/44 HPs)
             Began as a Gnoll Ice Elementalist on Jan 10, 2021.
             Was a Follower of Cheibriados.
             Splashed by Ijyb's acid (11 damage)
             ... on level 4 of the Dungeon.
             The game lasted 00:14:06 (1265 turns).

ythm the Chiller (Gnoll Ice Elementalist)           Turns: 1265, Time: 00:14:07

Health: -2/44      AC:  6    Str: 14    XL:     6   Next: 36%
Magic:  2/14       EV: 15    Int: 22    God:    Cheibriados [*.....]
Gold:   179        SH:  0    Dex: 18    Spells: 4/15 levels left

rFire    . . .     SeeInvis .   p - +0 club
rCold    . . .     Faith    .   (no shield)
rNeg     . . .     Spirit   .   a - +0 robe
rPois    .         Reflect  .   (no helmet)
rElec    .         Harm     .   (no cloak)
rCorr    .         Rampage  .   (no gloves)
Will     .....                  (no boots)
Stlth    +++.......             b - amulet of magic regeneration
HPRegen  0.14/turn              (no ring)
MPRegen  0.39/turn              (no ring)

@: icy armour, corroded, frozen ramparts, very slow
A: distributed training, fangs 1, strong nose
a: Renounce Religion, Bend Time


You were on level 4 of the Dungeon.
You worshipped Cheibriados.
Cheibriados was aware of your devotion.
You visited 1 branch of the dungeon, and saw 5 of its levels.

You collected 179 gold pieces.

Inventory:

Hand Weapons
 p - a +0 club (weapon)
 q - a +0 hunting sling
Missiles
 k - 20 bolts
 r - 102 stones
 s - 21 sling bullets
 u - 18 poisoned darts
 x - 6 javelins
Armour
 a - a +0 robe (worn)
 c - a +0 kite shield
 t - a +0 leather armour
 w - a scarf of shadows
Jewellery
 b - an amulet of magic regeneration (around neck)
Wands
 y - a wand of paralysis (8)
Scrolls
 d - a scroll of identify
 g - a scroll of remove curse
 h - a scroll of teleportation
 m - a scroll of magic mapping {unknown}
 o - 2 scrolls of amnesia
Potions
 e - a potion of lignification
 f - a potion of brilliance


   Skills:
 + Level 1.9 Fighting
 + Level 1.9 Short Blades
 + Level 1.9 Long Blades
 + Level 1.9 Axes
 + Level 1.9 Maces & Flails
 + Level 1.9 Polearms
 + Level 1.9 Staves
 + Level 1.9 Slings
 + Level 1.9 Bows
 + Level 1.9 Crossbows
 + Level 1.9 Throwing
 + Level 1.9 Armour
 + Level 5.0 Dodging
 + Level 4.6 Stealth
 + Level 1.9 Shields
 + Level 1.9 Unarmed Combat
 + Level 5.3 Spellcasting
 + Level 1.5 Conjurations
 + Level 1.5 Hexes
 + Level 1.5 Summonings
 + Level 1.5 Necromancy
 + Level 1.5 Translocations
 + Level 1.5 Transmutations
 + Level 1.5 Fire Magic
 + Level 7.3 Ice Magic
 + Level 1.5 Air Magic
 + Level 1.5 Earth Magic
 + Level 1.5 Poison Magic
 + Level 2.1 Invocations
 + Level 1.9 Evocations


You had 4 spell levels left.
You knew the following spells:

 Your Spells              Type           Power        Failure   Level
a - Freeze                Ice            100%         1%          1
b - Frozen Ramparts       Ice            76%          1%          3
c - Ozocubu's Armour      Ice            38%          1%          3
e - Summon Ice Beast      Ice/Summ       25%          16%         4

Your spell library contained the following spells:

 Spells                   Type           Power        Failure   Level
 Hailstorm                Conj/Ice       25%          16%         4


Dungeon Overview and Level Annotations

Branches:
Dungeon (5/15)
 Temple: D:4-7

Altars:
Cheibriados

Portals:
Ossuary: D:4

Annotations:
D:4 Ijyb


Innate Abilities, Weirdness & Mutations

Your experience applies equally to all skills.
You have very sharp teeth.
Your uncanny sense of smell can sniff out nearby items.


Message History

The wall freezes the orc!
You kill the orc!
Cheibriados thoroughly appreciates the change of pace.
The wall freezes the ogre.
The wall freezes Ijyb.
Ijyb hits you.
Unknown command.
Casting: Freeze (safe; 1% risk of failure)
Confirm with . or Enter, or press ? or * to list all spells.
Aiming: Freeze (safe; 1% risk of failure)
Press: ? - help, Shift-Dir - straight line, f - ogre, p - Ijyb
Aim: an ogre, wielding a +0 giant club (lightly wounded)
You freeze the ogre!
The ogre is heavily wounded.
The wall freezes the ogre.
The ogre barely misses you.
The hound skeleton completely resists.
The wall freezes the hound skeleton but does no damage.
The hound skeleton bites you but does no damage.
The wall freezes Ijyb.
Ijyb zaps a wand.
The bolt of acid hits you!
* * * LOW HITPOINT WARNING * * *
The acid corrodes you!
You are splashed with acid!
You die...

..######.... ##..#
.##.#.##..#### #...#
...........#.####...##
......>..#.....#....>#
.###.....###)........######
##.......###.##..).#...#..###
..........##...(...##.......#
#............))Zg..##.....###
###....####(.(##@.#####..$.##
#.#....## ###.###O# ##......#
........### #g#
#..##.......#### ....###...#
#.# ..#...........##
.....###..# #Z#
..W............# ......#..##
#.. .......#.<....##
..........# #..
.............##
....##.....#....
...ยง...........#
.....#..........
.............##


You could see a phantom, an ogre, Ijyb and a hound skeleton.

Vanquished Creatures
  A bullfrog (D:4)
  A bullfrog skeleton (D:4)
  An orc priest (D:4)
  An orc wizard (D:4)
  A worker ant (D:4)
  2 hound skeletons (D:4)
  4 adders
  An ooze (D:1)
  2 worms
  2 dart slugs
  7 orcs (D:4)
  2 ball pythons (D:1)
  3 bats
  A giant cockroach (D:1)
  4 goblins
  6 hobgoblins
  4 jackals (D:2)
  2 kobolds
  A frilled lizard (D:1)
  A leopard gecko skeleton (D:4)
  A quokka skeleton (D:4)
  2 rats
50 creatures vanquished.

Notes
Turn   | Place    | Note
-------+----------+-------------------------------------------
     0 | D:1      | ythm the Gnoll Ice Elementalist began the quest for the
                  | Orb.
     0 | D:1      | Reached XP level 1. HP: 13/13 MP: 6/6
   131 | D:1      | Reached XP level 2. HP: 19/19 MP: 5/7
   258 | D:2      | Reached XP level 3. HP: 25/25 MP: 6/9
   264 | D:2      | Learned a level 3 spell: Frozen Ramparts
   268 | D:2      | Learned a level 3 spell: Ozocubu's Armour
   313 | D:2      | Reached skill level 5 in Spellcasting
   382 | D:2      | Found a snail-covered altar of Cheibriados.
   388 | D:2      | Became a worshipper of Cheibriados the Contemplative
   445 | D:2      | Reached skill level 1 in Invocations
   702 | D:1      | Reached skill level 1 in Fighting
   702 | D:1      | Reached skill level 1 in Short Blades
   702 | D:1      | Reached skill level 1 in Long Blades
   702 | D:1      | Reached skill level 1 in Axes
   702 | D:1      | Reached skill level 1 in Maces & Flails
   702 | D:1      | Reached skill level 1 in Polearms
   702 | D:1      | Reached skill level 1 in Staves
   702 | D:1      | Reached skill level 1 in Slings
   702 | D:1      | Reached skill level 1 in Bows
   702 | D:1      | Reached skill level 1 in Crossbows
   702 | D:1      | Reached skill level 1 in Throwing
   702 | D:1      | Reached skill level 1 in Armour
   702 | D:1      | Reached skill level 1 in Shields
   702 | D:1      | Reached skill level 1 in Unarmed Combat
   702 | D:1      | Reached skill level 1 in Evocations
   877 | D:3      | Reached XP level 4. HP: 29/32 MP: 8/11
   882 | D:3      | Learned a level 4 spell: Summon Ice Beast
   907 | D:4      | Reached * piety under Cheibriados
   939 | D:5      | Entered Level 5 of the Dungeon
   965 | D:4      | Reached skill level 1 in Conjurations
   965 | D:4      | Reached skill level 1 in Hexes
   965 | D:4      | Reached skill level 1 in Summonings
   965 | D:4      | Reached skill level 1 in Necromancy
   965 | D:4      | Reached skill level 1 in Translocations
   965 | D:4      | Reached skill level 1 in Transmutations
   965 | D:4      | Reached skill level 1 in Fire Magic
   965 | D:4      | Reached skill level 1 in Air Magic
   965 | D:4      | Reached skill level 1 in Earth Magic
   965 | D:4      | Reached skill level 1 in Poison Magic
   987 | D:4      | HP: 1/32 [bullfrog skeleton (6)]
   992 | D:4      | Reached XP level 5. HP: 12/37 MP: 12/12
   999 | D:4      | Found a sand-covered staircase.
  1181 | D:4      | Reached XP level 6. HP: 19/44 MP: 10/13
  1253 | D:4      | Noticed Ijyb
  1255 | D:4      | Reached skill level 5 in Dodging
  1262 | D:4      | Noticed a phantom
  1265 | D:4      | Splashed by Ijyb's acid

Illustrated notes

Levels and vault maps discovered:
D:1:      dpeg_arrival_short_road, layout_loops_ring, nrook_loot_triangle
D:2:      layout_loops_ring, kennysheep_slug_shrine
D:3:      layout_loops_corners, corexii_item_surrounded_by_moat, minivault_25
D:4:      layout_cave_pools, grunt_temple_overflow_holy_war,
          nzn_hepliaklqana_mist_gate, nicolae_ossuary_entry_monument, uniq_ijyb
D:5:      layout_basic, grunt_temple_overflow_cloverleaf,
          minmay_temple_entry_nine_rooms

Skill      XL: |  1  2  3  4  5  6 |
---------------+-------------------+-----
Spellcasting   | 5 |  5.3
Invocations    | 1 2 |  2.1
Fighting       | 1 |  1.9
Short Blades   | 1 |  1.9
Long Blades    | 1 |  1.9
Axes           | 1 |  1.9
Maces & Flails | 1 |  1.9
Polearms       | 1 |  1.9
Staves         | 1 |  1.9
Slings         | 1 |  1.9
Bows           | 1 |  1.9
Crossbows      | 1 |  1.9
Throwing       | 1 |  1.9
Armour         | 1 |  1.9
Shields        | 1 |  1.9
Unarmed Combat | 1 |  1.9
Evocations     | 1 |  1.9
Conjurations   | 1 |  1.5
Hexes          | 1 |  1.5
Summonings     | 1 |  1.5
Necromancy     | 1 |  1.5
Translocations | 1 |  1.5
Transmutations | 1 |  1.5
Fire Magic     | 1 |  1.5
Air Magic      | 1 |  1.5
Earth Magic    | 1 |  1.5
Poison Magic   | 1 |  1.5
Dodging        | 5 |  5.0
Stealth        | |  4.6
Ice Magic      | |  7.3

Action                   |  1- 3 |  4- 6 || total
-------------------------+-------+-------++-------
Melee: Dagger            |    14 |    27 ||    41
       Bite              |     2 |     8 ||    10
       Club              |       |    17 ||    17
       Punch             |       |     2 ||     2
 Cast: Freeze            |    41 |    24 ||    65
       Ozocubu's Armour  |       |     3 ||     3
       Frozen Ramparts   |       |     3 ||     3
Evoke: Wand              |       |     1 ||     1
  Use: Scroll            |       |     9 ||     9
       Potion            |       |     2 ||     2
 Stab: Sleeping          |     4 |       ||     4
Armor: Robe              |     6 |     9 ||    15
Dodge: Dodged            |    20 |    68 ||    88
